 Dungeon Crawl Stone Soup version 0.21-a0-442-g848f44b (webtiles) character file.

2 theanonym the Skirmisher (level 1, 0/18 HPs)
             Began as a Formicid Abyssal Knight on Nov 16, 2017.
             Was a Follower of Lugonu.
             Slain by a jackal (3 damage)
             ... on level 1 of the Dungeon.
             The game lasted 00:00:18 (65 turns).

theanonym the Skirmisher (Formicid Abyssal Knight)    Turns: 65, Time: 00:00:18

Health: 0/18       AC:  3    Str: 16    XL:     1   Next: 33%
Magic:  2/2        EV: 11    Int: 11    God:    Lugonu [*.....]
Gold:   0          SH:  0    Dex: 10    Spells: 0/0 levels left

rFire    . . .     SeeInvis +   a - +1 hand axe
rCold    . . .     Gourm    .   (no shield)
rNeg     . . .     Faith    .   b - +0 leather armour
rPois    .         Spirit   .   (helmet unavailable)
rElec    .         Reflect  .   (no cloak)
rCorr    .         Harm     .   (no gloves)
MR       .....                  (no boots)
Stlth    +.........             (no amulet)
HPRegen  0.06/turn              (no ring)
MPRegen  0.08/turn              (no ring)

@: no status effects
A: permanent stasis, dig shafts and tunnels, four strong arms, antennae 3
a: Dig, Shaft Self, Depart the Abyss, Renounce Religion


Innate Abilities, Weirdness & Mutations

You cannot be hasted, slowed, berserked, paralysed or teleported.
You can dig through walls and to a lower floor.
Your four strong arms can wield two-handed weapons with a shield.
You have a pair of large antennae on your head. (SInv)


   Skills:
 - Level 3.2 Fighting
 + Level 2.2 Axes
 - Level 2.1 Armour
 - Level 0.8 Dodging
 - Level 2.1 Invocations


You couldn't memorise any spells.
You didn't know any spells.

Action                   || total
-------------------------++-------
Melee: Hand axe          ||     6
Armor: Leather armour    ||     2
Dodge: Dodged            ||     8

Inventory:

Hand Weapons
 a - a +1 hand axe (weapon)
Armour
 b - a +0 leather armour (worn)
Comestibles
 c - a bread ration
 d - a royal jelly

Dungeon Overview and Level Annotations

Branches:
Dungeon (1/15)

Altars:


You were on level 1 of the Dungeon.
You worshipped Lugonu.
Lugonu was aware of your devotion.
You were not hungry.

You visited 1 branch of the dungeon, and saw 1 of its levels.
You visited the Abyss 1 time.


Message History

Welcome, theanonym the Formicid Abyssal Knight.
Will you prevail where others failed? Will you find the Orb of Zot?
Lugonu says: Depart the Abyss and spread corruption, my servant! (use the ability menu to exit the Abyss)
Found a corrupted altar of Lugonu.
d - a royal jelly
Found a gateway leading deeper into the Abyss.
Found 11 stones.
You sense a monster nearby.
Found a gateway leading out of the Abyss.
A chaos spawn comes into view.
The chaos spawn growls angrily.
There is a gateway leading out of the Abyss here.
You pass through the gate.
There is a staircase leading out of the dungeon here.
Unknown command.
Unknown command.
Found 19 arrows.
Unknown command.
A rat comes into view.
A rat is nearby!
A rat is nearby!
A rat is nearby!
A rat is nearby!
A jackal comes into view.
The jackal barks!
A jackal comes into view.
You see here a scroll labeled BUIFRA DOAS.
There are monsters nearby! 2 jackals come into view.
The jackal barks! x2
You hit the rat.
You kill the rat!
Lugonu accepts your kill.
You hit the jackal but do no damage. The jackal misses you.
You hit the jackal. You hit the jackal but do no damage.
The jackal closely misses you. The jackal bites you. x2
You take 6 damage, and have 12/18 hp.
MASSIVE DAMAGE!!
You are too injured to fight recklessly!
You are too injured to fight recklessly!
You are too injured to fight recklessly!
You are too injured to fight recklessly!
You are too injured to fight recklessly!
You are too injured to fight recklessly!
You hit the jackal but do no damage. You hit the jackal. x2
The jackal closely misses you. The jackal completely misses you.
The jackal bites you. x3
* * * LOW HITPOINT WARNING * * *
You take 4 damage, and have 8/18 hp.
MASSIVE DAMAGE!!
You barely miss the jackal. You hit the jackal. You miss the jackal.
The jackal closely misses you. The jackal barely misses you.
The jackal bites you.
* * * LOW HITPOINT WARNING * * *
A goblin comes into view. It is wielding a dagger.
You take 2 damage, and have 6/18 hp.
The goblin shouts!
You hit the jackal. You hit the jackal but do no damage.
You closely miss the jackal. The jackal bites you.
* * * LOW HITPOINT WARNING * * *
The jackal bites you but does no damage.
The jackal barely misses you. The jackal closely misses you.
The jackal bites you.
* * * LOW HITPOINT WARNING * * *
The jackal bites you but does no damage.
You take 4 damage, and have 2/18 hp.
MASSIVE DAMAGE!!
You hit the jackal. x2
You kill the jackal!
Lugonu accepts your kill.
You barely miss the jackal. The jackal bites you.
You die...

....... .......
....... .......
....... ....(..
######.......
#.#######.......#
#.hh@.?....#.##.#
......h...#..##.# #
#.......#....##.#
#.....#.##...##.##
.............#...#
..#...#.?....#...#
....g######.##...##
+#.. ..#.....# {
#..<..#


You could see 3 jackals and a goblin.

Notes
Turn   | Place    | Note
-------+----------+-------------------------------------------
     0 | Abyss:1  | theanonym the Formicid Abyssal Knight began the quest for the Orb.
     0 | Abyss:1  | Reached XP level 1. HP: 18/18 MP: 2/2
    32 | Abyss:1  | Found a corrupted altar of Lugonu.
    38 | Abyss:1  | Noticed a chaos spawn
    41 | D:1      | Escaped the Abyss
    62 | D:1      | HP: 8/18 [jackal (2)]
    64 | D:1      | HP: 2/18 [jackal (2)]
    65 | D:1      | Slain by a jackal

Vanquished Creatures
  A jackal (D:1)
  A rat (D:1)
2 creatures vanquished.
